 Dungeon Crawl Stone Soup version 0.29-a0-284-gf9362112df (webtiles) character file.

Game seed: 1125911493584624918

30 spaghetti the Bolt Thrower (level 3, 9/34 HPs)
             Began as a Deep Dwarf Hunter on Mar 20, 2022.
             Was an Initiate of Gozag.
             Quit the game on level 3 of the Dungeon.
             The game lasted 00:01:14 (681 turns).

spaghetti the Bolt Thrower (Deep Dwarf Hunter)       Turns: 681, Time: 00:01:15

Health: 9/34       AC:  3    Str: 16    XL:     3   Next: 5%
Magic:  3/3        EV: 12    Int:  9    God:    Gozag
Gold:   110        SH:  0    Dex: 16    Spells: 2/2 levels left

rFire   . . .      SeeInvis .   a - +1 hand crossbow {crossbow}
rCold   . . .      Faith    .   (no shield)
rNeg    . . .      Spirit   .   b - +0 leather armour
rPois   .          Reflect  .   (no helmet)
rElec   .          Harm     .   (no cloak)
rCorr   .          Rampage  .   (no gloves)
Will    .....                   (no boots)
Stlth   ++........              (no amulet)
HPRegen 0.00/turn               (no ring)
MPRegen 0.08/turn               (no ring)

@: gold aura, hasted, very quick
A: damage resistance, heal wounds, sense surroundings 1, no regeneration
a: Heal Wounds, Renounce Religion, Potion Petition, Call Merchant, Bribe Branch


You were on level 3 of the Dungeon.
You worshipped Gozag.
Gozag was aware of your devotion.
You visited 1 branch of the dungeon, and saw 3 of its levels.

You collected 110 gold pieces.


Innate Abilities, Weirdness & Mutations

You are resistant to damage.
You can heal yourself by infusing magical energy.
You passively map a small area around you.
You do not regenerate.


   Skills:
 + Level 3.2 Fighting
 - Level 4.3 Crossbows
 - Level 2.1 Dodging
 - Level 1.2 Stealth


You had 2 spell levels left.
You didn't know any spells.
Your spell library was empty.

Inventory:

Hand Weapons
 a - a +1 hand crossbow (weapon) {crossbow}
Missiles
 d - 17 stones {throwing}
 h - 2 boomerangs {throwing}
Armour
 b - a +0 leather armour (worn)
Scrolls
 c - a scroll of immolation {!r!r}
 g - a scroll of enchant weapon {unknown}
 i - a scroll of vulnerability {unknown}
 j - a scroll of identify {unknown}

Dungeon Overview and Level Annotations

Branches:
Dungeon (3/15)

Altars:
Gozag

, * ##.......##
* , , ,
.....!...
#.......# *
#?......# , * $
* * #.......##.*
* * #..........
* #.......#* ,
#..@..#
#....$..#* ,
*...)........# *
* *
####...........,
* ##....[####. ,
##..... , ,*,
##.#.##* , ,
###.. ,, ,, , ,


There were no monsters in sight!


Message History

Press: ? - help, Q - select action, (/) - cycle Shift-Dir - straight line, f/p - kobold
Aim: a kobold, wielding a +0 short sword (moderately wounded, 59% to hit)
You shoot a bolt.
The bolt hits the kobold but does no damage.
A rat comes into view.
The kobold misses you.
Shoot: a) +1 hand crossbow {crossbow}
Press: ? - help, Q - select action, (/) - cycle Shift-Dir - straight line, f/p - kobold
Aim: a kobold, wielding a +0 short sword (moderately wounded, 59% to hit)
You shoot a bolt.
The bolt hits the kobold but does no damage.
The kobold hits you but does no damage.
Shoot: a) +1 hand crossbow {crossbow}
Press: ? - help, Q - select action, (/) - cycle Shift-Dir - straight line, f/p - kobold
Aim: a kobold, wielding a +0 short sword (59% to hit)
You shoot a bolt. The bolt hits the kobold.
The kobold hits you but does no damage.
The rat twitches its whiskers.
The kobold misses you.
Shoot: a) +1 hand crossbow {crossbow}
Press: ? - help, Q - select action, (/) - cycle Shift-Dir - straight line, f/p - kobold
Aim: a kobold, wielding a +0 short sword (moderately wounded, 59% to hit)
You shoot a bolt. The bolt hits the kobold!
You kill the kobold!
Your Fighting skill increases to level 3!
You now have 28 max hp (+1).
Shoot: a) +1 hand crossbow {crossbow}
Press: ? - help, Q - select action, (/) - cycle Shift-Dir - straight line, f - rat
Aim: a rat (65% to hit)
You shoot a bolt. The bolt hits the rat!
You kill the rat!
Shoot: a) +1 hand crossbow {crossbow}
Press: ? - help, Q - select action, (/) - cycle Shift-Dir - straight line, f - worm
Aim: a worm (81% to hit)
You shoot a bolt. The bolt hits the worm.
Shoot: a) +1 hand crossbow {crossbow}
Press: ? - help, Q - select action, (/) - cycle Shift-Dir - straight line, f/p - worm
Aim: a worm (lightly wounded, 81% to hit)
You shoot a bolt. The bolt barely misses the worm.
Shoot: a) +1 hand crossbow {crossbow}
Press: ? - help, Q - select action, (/) - cycle Shift-Dir - straight line, f/p - worm
Aim: a worm (lightly wounded, 81% to hit)
You shoot a bolt.
The bolt hits the worm but does no damage.
The worm bites you!
* * * LOW HITPOINT WARNING * * *
😨 HP[-8]
You take 8 damage, and now have 12/28 hp.
MASSIVE DAMAGE!! (PAUSE)
There is a stone staircase leading up here.
You climb upwards.
There is a stone staircase leading down here.
Unknown command.
Unknown command.
There is a stone staircase leading down here.
You climb downwards.
Found a scroll labelled ENWERGH PIWK.
Found an escape hatch in the ceiling.
There is a stone staircase leading up here.
j - a scroll labelled ENWERGH PIWK
There is a stone staircase leading up here.
Found a stone staircase leading down.
You now have 110 gold pieces (gained 12).
An adder comes into view.
An adder is nearby!
As you read the scroll labelled EHIC ALUUB, it crumbles to dust.
Your body is wracked with pain!
* * * LOW HITPOINT WARNING * * *
The adder convulses!
It was a scroll of torment. 😨 HP[-4]
You take 4 damage, and now have 8/28 hp.
There is a stone staircase leading down here.
The adder bites you but does no damage. The adder bites you.
* * * LOW HITPOINT WARNING * * *
You climb downwards.
There is a stone staircase leading up here. 😱 HP[-1]
You take 1 damage, and now have 7/28 hp.
Unknown command.
Unknown command.
It was a potion of haste.
You feel yourself speed up. The adder closely misses you.
Shoot: a) +1 hand crossbow {crossbow}
Press: ? - help, Q - select action, (/) - cycle Shift-Dir - straight line, f - adder
Aim: an adder (moderately wounded, 50% to hit)
You shoot a bolt. The bolt misses the adder.
The adder closely misses you.
Shoot: a) +1 hand crossbow {crossbow}
Press: ? - help, Q - select action, (/) - cycle Shift-Dir - straight line, f/p - adder
Aim: an adder (moderately wounded, 50% to hit)
You shoot a bolt. The bolt hits the adder!
You kill the adder!
You have reached level 3!
Your experience leads to an increase in your attributes!
Increase (S)trength, (I)ntelligence, or (D)exterity?
You feel stronger. x2 😨 HP[+2] MP[+1]
You now have 34 max hp (+6).
You regained 2 hp, and now have 9/34 hp.
Your mp is fully restored (3).
Are you sure you want to abandon this character and quit the game? (Confirm with "yes".)

Skill      XL: |  1  2 |
---------------+-------+-----
Fighting       | 2 3 |  3.2
Crossbows      | |  4.3
Dodging        | |  2.1
Stealth        | |  1.2

Action                   || total
-------------------------++-------
 Fire: Hand crossbow     ||    53
  Use: Scroll            ||     1
       Potion            ||     1
Armor: Leather armour    ||     8
Dodge: Dodged            ||    18

Levels and vault maps discovered:
D:1:      dpeg_arrival_chambers_temple_mockup, layout_rooms,
          ebering_ecumenical_altar_mist
D:2:      layout_basic, minmay_goblin_outpost
D:3:      layout_loops_ring

Notes
Turn   | Place    | Note
-------+----------+-------------------------------------------
     0 | D:1      | spaghetti the Deep Dwarf Hunter began the quest for the
                  | Orb.
     0 | D:1      | Reached XP level 1. HP: 19/19 MP: 1/1
     0 | D:1      | magus.rc [v1.9.6]
    88 | D:1      | Reached skill level 2 in Fighting
   126 | D:1      | Found a faded altar of an unknown god.
   146 | D:1      | Prayed at the altar of an unknown god.
   146 | D:1      | Became a worshipper of Gozag Ym Sagoz the Greedy
   221 | D:1      | Reached XP level 2. HP: 27/27 MP: 2/2
   610 | D:2      | Reached skill level 3 in Fighting
   676 | D:2      | HP: 7/28 [adder (1)]
   681 | D:3      | Reached XP level 3. HP: 9/34 MP: 3/3
   681 | D:3      | Quit the game

Vanquished Creatures
  An adder (D:3)
  3 endoplasms (D:1)
  A hobgoblin (D:1)
  3 jackals (D:1)
  5 kobolds
  A quokka (D:2)
  A ball python (D:1)
  2 bats (D:1)
  A frilled lizard (D:1)
  A rat (D:2)
19 creatures vanquished.

Table legend:
 A = Non-vault XP
 B = Vault XP
 C = Vault XP percentage of total XP
 D = Non-vault monster count
 E = Vault monster count
 F = Vault count percentage of total count
                 A         B        C        D         E       F
            +---------+---------+-------+---------+---------+-------
      Total |      44 |       0 |   0.0 |      19 |       0 |   0.0
            +---------+---------+-------+---------+---------+-------
        D:1 |      25 |       0 |   0.0 |      14 |       0 |   0.0
        D:2 |       6 |       0 |   0.0 |       4 |       0 |   0.0
        D:3 |      13 |       0 |   0.0 |       1 |       0 |   0.0
            +---------+---------+-------+---------+---------+-------

Illustrated notes

Table legend:
 A = Kills in this place as a percentage of kills in entire the game.
 B = Kills by you in this place as a percentage of kills by you in the entire game.
 C = Kills by friends in this place as a percentage of kills by friends in the entire game.
 D = Other kills in this place as a percentage of other kills in the entire game.
 E = Experience gained in this place as a percentage of experience gained in the entire game.
 F = Experience gained in this place divided by the number of levels of this place that you have seen.
                   A       B       C       D       E      F
               +-------+-------+-------+-------+-------+----------------------
         Total | 100.0 | 100.0 |   N/A |   N/A | 100.0 |  14.7
       Dungeon | 100.0 | 100.0 |   N/A |   N/A | 100.0 |  14.7
               +-------+-------+-------+-------+-------+----------------------

Table legend: (Time is in decaauts)
 A = Elapsed time spent in this place.
 B = Non-inter-level travel time spent in this place.
 C = Inter-level travel time spent in this place.
 D = Time resting spent in this place.
 E = Time spent auto-exploring this place.
 F = Levels seen in this place.
 G = Mean time per level.
                   A        B        C        D        E       F      G
               +--------+--------+--------+--------+--------+-----+--------+
         Total |    697 |    641 |     56 |      0 |    507 |   3 |  232.3 |
       Dungeon |    697 |    641 |     56 |      0 |    507 |   3 |  232.3 |
               +--------+--------+--------+--------+--------+-----+--------+

Top non-repeatable levels by time:
     D:1: 569 daAuts
     D:2: 124 daAuts
     D:3: 3 daAuts
